AoeStats
← agcoscojuela

Arena

509853289Analyzed
4v4 RM · 2d ago on Sep 28, 2026· 13m 1s· 8 players
Game mode
Random Map
Map size
Large (8 player)
Population
200
Speed
Normal
Resources
Standard
Victory
Conquest
Starting age
Dark Age
Ending age
Imperial Age
RankedLock teamsTeams togetherTeam positionsShared explorationLock speedFull tech treeHidden civsTurbo modeCheats
Victory
Defeat
🇪🇸 Byzantines · Spain
859
+8
🇮🇳 Byzantines · India
811
+9
🇩🇰 Britons · Denmark
776
+10
🇪🇸 Chinese · Spain
528
+20
🇨🇳 Huns · China
726
-15
🇹🇼 Khitans · Taiwan
638
-11
🇰🇷 Khmer · South Korea
625
-11
🇸🇮 Hindustanis · Slovenia
604
-10
iiiqq-qwzaa---q
10:02 Feudal Age
11:15 Double-Bit Axe
^LoZo^
12:23 Feudal Age
jcg2212
5:34 Loom
yuanda_sun
12:01 Feudal Age
13:37 Wheelbarrow
12:49 Horse Collar
12:57 Double-Bit Axe
M1chael Scott
11:10 Feudal Age
14:53 Castle Age
13:00 Double-Bit Axe
13:03 Horse Collar
agcoscojuela
0:29 Loom
DavinHo_Abascal_
10:32 Feudal Age
vtarchitect1668
4:02 Loom
10:44 Feudal Age
12:01 Wheelbarrow
11:13 Double-Bit Axe
11:08 Horse Collar
Connection lost

Rejoining the realm…

Still unreachable

The connection could not be restored.

Session expired

The server has moved on; the page needs a fresh start.